 Dungeon Crawl Stone Soup version 0.19-a0-1908-g43c011f (webtiles) character file.

55 Naow the Sneak (level 3, 0/16 HPs)
             Began as a Spriggan Enchanter on Oct 22, 2016.
             Slain by a kobold
             ... wielding a +0 club
              (6 damage)
             ... on level 2 of the Dungeon.
             The game lasted 00:02:40 (1763 turns).

Naow the Sneak (Spriggan Enchanter)                 Turns: 1763, Time: 00:02:41

Health: 0/16       AC:  3    Str:  5    XL:     3   Next: 67%
Magic:  6/9        EV: 18    Int: 16    God:
Gold:   12         SH:  0    Dex: 16    Spells: 2 memorised, 6 levels left

rFire  . . .     SeeInvis +     m - +1 short sword (freeze)
rCold  . . .     Gourm    .     b - +1 robe
rNeg   . . .     Faith    .     (shield restricted)
rPois  .         Spirit   .     (helmet restricted)
rElec  .         Reflect  .     (no cloak)
rCorr  .         Harm     .     (gloves unavailable)
MR     .....                    (boots unavailable)
Stlth  +++.......               (no amulet)
                                (no ring)
                                (no ring)

@: very quick
A: unfitting armour, see invisible, herbivore 3, speed 3, slow metabolism 2
a: no special abilities


You were on level 2 of the Dungeon.
You were not hungry.

You visited 1 branch of the dungeon, and saw 2 of its levels.

You collected 12 gold pieces.

Inventory:

Hand Weapons
 a - a +1 dagger
 m - a +1 short sword of freezing (weapon)
Armour
 b - a +1 robe (worn)
Scrolls
 e - a scroll of identify {unknown}
 f - a scroll of teleportation {unknown}
 g - a scroll of magic mapping {unknown}
 h - a scroll of fear {unknown}
 l - a scroll of enchant weapon {unknown}
Potions
 i - a potion of lignification {unknown}
 k - a potion of might {unknown}
Books
 c - a book of Maledictions

   Spells                             Type                      Level
   a - Corona                         Hexes                        1
   b - Ensorcelled Hibernation        Hexes/Ice                    2
   c - Confuse                        Hexes                        3
   d - Tukima's Dance                 Hexes                        3
   e - Dazzling Spray                 Conjuration/Hexes            3
Comestibles
 d - 2 bread rations
 j - 2 fruits


   Skills:
 - Level 1.1 Short Blades
 - Level 3.0 Dodging
 + Level 5.7 Stealth
 + Level 3.6 Spellcasting
 + Level 4.2 Hexes


You had 6 spell levels left.
You knew the following spells:

 Your Spells              Type           Power        Failure   Level  Hunger
a - Corona                Hex            ###....      3%          1    None
b - Ensorcelled Hibernat  Hex/Ice        #.....       12%         2    ##.....


Dungeon Overview and Level Annotations

Branches:
Dungeon (2/15)

Altars:
Uskayaw


Innate Abilities, Weirdness & Mutations

You are very small and have problems with some larger weapons.
You are too small for most types of armour.
You have supernaturally acute eyesight. (SInv)
You are a herbivore.
You cover ground extremely quickly.
You need consume almost no food.


Message History

You hit the kobold. You freeze the kobold.
You kill the kobold!
The kobold completely misses you.
You hit the kobold. You freeze the kobold.
The kobold is severely wounded.
The kobold hits you with a club.
You closely miss the kobold.
The kobold is severely wounded.
The kobold hits you with a club.
Casting: Ensorcelled Hibernation
Confirm with . or Enter, or press ? or * to list all spells.
Aiming: Ensorcelled Hibernation
Press: ? - help, Shift-Dir - straight line, f - adder
Aim: an adder (chance to defeat MR: 50%)
The adder looks drowsy...
The kobold closely misses you.
The helpless adder fails to defend itself.
You puncture the adder!
The adder seems to slow down.
You freeze the adder.
You kill the adder!
The kobold hits you with a club.
You die...

### ######### ....
###.......###
.....#....###....#
.......8..._...8.##
......)@.....(....#
......K8.......8..#
..................#
##.###.8.......8..#
#.
#............######
.
##...#.##..........
#.#.#...#.########
#.##.#>##.. #...
###


You could see a kobold.

Vanquished Creatures
  An adder (D:2)
  An ooze (D:1)
  2 dart slugs (D:1)
  4 giant cockroaches
  4 goblins
  8 hobgoblins
  4 jackals (D:1)
  3 kobolds
  2 ball pythons (D:1)
  2 bats (D:1)
  A frilled lizard (D:1)
  2 rats (D:1)
34 creatures vanquished.

Notes
Turn   | Place    | Note
-------+----------+-------------------------------------------
     0 | D:1      | Naow the Spriggan Enchanter began the quest for the Orb.
     0 | D:1      | Reached XP level 1. HP: 9/9 MP: 5/5
    33 | D:1      | Reached XP level 2. HP: 4/13 MP: 6/6
    37 | D:1      | Learned a level 2 spell: Ensorcelled Hibernation
   561 | D:1      | Reached skill level 5 in Stealth
  1020 | D:1      | Reached XP level 3. HP: 13/16 MP: 8/8
  1717 | D:2      | Found a hide-covered altar of Uskayaw.
  1763 | D:2      | Slain by a kobold

Vault maps used:
D:1:      dpeg_arrival_rooms_with_view
D:2:      kennysheep_the_goblin_king, eat_drink_and_be_merry_uskayaw,
          ecumenical_altar_1

Skill      XL: |  1  2 |
---------------+-------+-----
Spellcasting   | 3 |  3.6
Stealth        | 5 |  5.7
Hexes          | 4 |  4.2
Short Blades   | |  1.1
Dodging        | |  3.0

Action                   || total
-------------------------++-------
Melee: Dagger            ||   153
       Short sword       ||    17
 Cast: Ensorcelled Hiber ||    12
 Stab: Sleeping          ||    15
Armor: Robe              ||    22
Dodge: Dodged            ||   150
